 Dungeon Crawl Stone Soup version 0.29.1-1-gd02db6906a (webtiles) character file.

Game seed: 6144965423874230868

37 Icepheonix32 the Gusty (level 3, -6/19 HPs)
             Began as a Tengu Air Elementalist on Oct 5, 2022.
             Killed from afar by Natasha (8 damage)
             ... with a magic dart
             ... on level 2 of the Dungeon.
             The game lasted 00:01:14 (1140 turns).

Icepheonix32 the Gusty (Tengu Air Elementalist)     Turns: 1140, Time: 00:01:19

Health: -6/19      AC:  2    Str:  8    XL:     3   Next: 41%
Magic:  6/7        EV: 12    Int: 17    God:
Gold:   24         SH:  0    Dex: 14    Spells: 3/6 levels left

rFire   . . .      SeeInvis .   c - +0 dagger
rCold   . . .      Faith    .   (no shield)
rNeg    . . .      Spirit   .   a - +0 robe
rPois   .          Reflect  .   (helmet restricted)
rElec   .          Harm     .   (no cloak)
rCorr   .          Rampage  .   (no gloves)
Will    .....                   (boots unavailable)
Stlth   ++........              (no amulet)
HPRegen 0.06/turn               (no ring)
MPRegen 0.10/turn               (no ring)

@: very slightly contaminated
A: beak, talons 3
a: no special abilities


You were on level 2 of the Dungeon.
You visited 1 branch of the dungeon, and saw 2 of its levels.

You collected 24 gold pieces.

Inventory:

Hand Weapons
 c - a +0 dagger (weapon)
Armour
 a - a +0 robe (worn)
Scrolls
 f - a scroll of amnesia {unknown}
 g - a scroll of teleportation {unknown}
 h - a scroll of identify {unknown}
Potions
 d - a potion of attraction {unknown}
 e - 2 potions of curing {unknown}


   Skills:
 + Level 2.3 Dodging
 + Level 2.0 Stealth
 + Level 2.3 Spellcasting
 * Level 2.3 Conjurations
 * Level 4.9 Air Magic


You had 3 spell levels left.
You knew the following spells:

 Your Spells              Type           Power      Damage    Failure   Level
a - Shock                 Conj/Air       56%        1d6       4%          1
b - Static Discharge      Conj/Air       14%        3-5/arc   6%          2

Your spell library contained the following spells:

 Spells                   Type           Power      Damage    Failure   Level
 Swiftness                Air            18%        N/A       8%          3
 Necrotise                Necr           8%         1d4       19%         1
 Sting                    Tmut/Pois      8%         1d3       19%         1
 Vampiric Draining        Necr           2%         2d6       50%         3
 Airstrike                Air            9%         2d(2-18)  24%         4
 Agony                    Necr           2%         N/A       99%         5


Dungeon Overview and Level Annotations

Branches:
Dungeon (2/15)

Altars:

Annotations:
D:2 Natasha


Innate Abilities, Weirdness & Mutations

You have a beak for a mouth.
You have claws for feet.


Message History

The zap hits Natasha.
Natasha completely resists.
The frilled lizard hisses angrily.
Natasha barely misses you.
Casting: Shock (safe; 4% risk of failure)
Confirm with . or Enter, or press ? or * to list all spells.
Aiming: Shock (safe; 4% risk of failure)
Press: ? - help, Shift-Dir - straight line, p - Natasha The zap hits Natasha.
Natasha resists.
Natasha is lightly wounded.
The zap misses Natasha.
Natasha barely misses you.
Unknown command.
Casting: Shock (safe; 4% risk of failure)
Confirm with . or Enter, or press ? or * to list all spells.
Aiming: Shock (safe; 4% risk of failure)
Press: ? - help, Shift-Dir - straight line You miscast Shock.
Nothing appears to happen.
Natasha growls.
Natasha claws you.
The frilled lizard hisses.
Unknown command.
Unknown command.
Casting: Shock (safe; 4% risk of failure)
Confirm with . or Enter, or press ? or * to list all spells.
You don't have enough magic to cast this spell.
Unknown command.
You closely miss Natasha. Your kick misses Natasha.
Natasha is lightly wounded.
Natasha claws you but does no damage.
Press: ? - help, v - describe, . - travel
Here: Natasha (lightly wounded, unusually resistant)
The floor.
Magic courses through your body. The endoplasm misses you. Natasha claws you!
* * * LOW HITPOINT WARNING * * *
Casting: Shock (safe; 4% risk of failure)
Confirm with . or Enter, or press ? or * to list all spells.
The air crackles with electrical energy.
The endoplasm misses you.
Natasha stares at you and mumbles some strange words.
The magic dart hits you!
You die...

#...## ##...### #.....##
#.######..##).#
.#.........#...#≈
....#####......≈≈
............P~≈~≈≈~.~
...>..#....~.~≈≈≈≈..
##.lh@..~.~~≈P≈~..
#.....J.~~~≈~≈≈~...
......~~~~≈≈≈≈P~... #
~~~~≈~~≈≈≈≈≈≈~~.~.# .#
~~~~≈≈≈≈≈≈~~~~.~$.##.###
~~~≈≈≈≈≈≈≈P~PP..........
~~≈≈≈~~~~≈P~P..##..#[...
~..~~.....~~..####<# ##
. #.#


You could see Natasha (resistant), an endoplasm and a frilled lizard.

Vanquished Creatures
  A dart slug (D:1)
  2 ball pythons
  A bat (D:1)
  3 endoplasms (D:1)
  3 giant cockroaches (D:1)
  3 goblins (D:1)
  2 hobgoblins (D:1)
  4 jackals (D:1)
  4 kobolds
  2 quokkas
  2 frilled lizards (D:1)
  4 rats (D:1)
31 creatures vanquished.

Notes
Turn   | Place    | Note
-------+----------+-------------------------------------------
     0 | D:1      | Icepheonix32 the Tengu Air Elementalist began the quest for
                  | the Orb.
     0 | D:1      | Reached XP level 1. HP: 10/10 MP: 4/4
   221 | D:1      | Reached XP level 2. HP: 15/15 MP: 0/6
   475 | D:1      | Found a faded altar of an unknown god.
   479 | D:1      | Got Plato's Treatise on Changing
   494 | D:1      | Learned a level 2 spell: Static Discharge
   582 | D:1      | Reached XP level 3. HP: 16/19 MP: 7/7
  1129 | D:2      | Noticed Natasha
  1140 | D:2      | Killed from afar by Natasha

Illustrated notes

Levels and vault maps discovered:
D:1:      ncdulo_halloftheorcs, layout_rooms,
          shapermc_ecumenical_altar_rom_forum, due_unseen_surprise
D:2:      layout_loops_ring, serial_shops, shop, chequers_big_river,
          dk_noncrumbling_3, minmay_tetromino_t4, uniq_natasha

Skill      XL: |  1  2 |
---------------+-------+-----
Conjurations   | 2 |  2.3
Dodging        | |  2.3
Stealth        | |  2.0
Spellcasting   | |  2.3
Air Magic      | |  4.9

Action                   || total
-------------------------++-------
Melee: Dagger            ||    38
       Kick              ||    14
       Peck              ||     6
       Punch             ||     1
 Cast: Shock             ||    57
       Static Discharge  ||     1
  Use: Potion            ||     1
Armor: Robe              ||     6
Dodge: Dodged            ||    24
